[Event "Titled Tuesday Blitz October 31 Late 2023"]
[White "Figorito, Nick"]
[Black "Koellner, Ruben Gideon"]
[WhiteFideId "30923689"]
[BlackFideId "12993093"]
[WhiteElo "2447"]
[BlackElo "2748"]
[Result "1/2-1/2"]
[Round "5"]
[TimeControl "180+1"]
[Date "2023.10.31"]
[WhiteClock "0:00:21"]
[BlackClock "0:00:11"]
[Board "38"]

1. Nf3 d6 2. g3 Nf6 3. Bg2 e5 4. O-O Be7 5. c4 O-O 6. Nc3 c6 7. d3 a5 8. Rb1 Na6 9. a3 Nc5 10. b4 axb4 11. axb4 Ne6 12. b5 Bd7 13. Ng5 h6 14. Nxe6 fxe6 15. bxc6 bxc6 16. Bd2 d5 17. cxd5 exd5 18. Na4 Bg4 19. Re1 Qe8 20. Bb4 Bxb4 21. Rxb4 Qh5 22. h3 Be6 23. Rh4 Qf7 24. Nc5 Rfb8 25. Nxe6 Qxe6 26. Ra4 c5 27. Rxa8 Rxa8 28. Qc2 Rc8 29. Qa2 c4 30. dxc4 dxc4 31. Rc1 e4 32. e3 Qd5 33. Qa6 Rc6 34. Qa8+ Kh7 35. Rc3 h5 36. Bf1 h4 37. Rxc4 Rd6 38. Qxd5 Rxd5 39. gxh4 Kg6 40. Be2 Rd2 41. Bg4 Rd5 42. Kg2 Rd2 43. Kg3 Kh6 44. Rd4 Rb2 45. Rc4 Kg6 46. Rd4 Rc2 47. Rb4 Ra2 48. Rc4 Rb2 49. Rd4 Rc2 50. Rb4 Ra2 51. Rd4 Rb2 52. Rc4 Rd2 53. Rb4 Rc2 54. Rd4 Rb2 55. Rc4 Rd2 56. Rb4 Rc2 57. Rd4 1/2-1/2


[Site "https://www.chess.com"]

[Event "Titled Tuesday Blitz October 31 Late 2023"]
[White "Makaraci, Tunahan"]
[Black "Schnaider, Ilan"]
[WhiteFideId "6356559"]
[BlackFideId "169013"]
[WhiteElo "2446"]
[BlackElo "2742"]
[Result "1/2-1/2"]
[Round "5"]
[TimeControl "180+1"]
[Date "2023.10.31"]
[WhiteClock "0:00:01"]
[BlackClock "0:00:05"]
[Board "39"]

1. e4 c5 2. c3 e5 3. Nf3 Nc6 4. Bb5 Nf6 5. O-O Qc7 6. d4 cxd4 7. cxd4 Nxd4 8. Nxd4 exd4 9. Qxd4 Bc5 10. Qd3 O-O 11. Nc3 Ng4 12. g3 Ne5 13. Qe2 d6 14. Be3 Bh3 15. Rfc1 Bg4 16. Qc2 Bxe3 17. fxe3 Qb6 18. Qf2 Rac8 19. Bf1 Be6 20. Rd1 h6 21. h3 Kh7 22. Kh2 Rc7 23. Rd2 Rd7 24. Rad1 Rc8 25. Be2 a6 26. a3 Bc4 27. Bxc4 Nxc4 28. Qf5+ Kg8 29. Qxd7 Rd8 30. Nd5 Qa5 31. b4 Rxd7 32. bxa5 Nxd2 33. Rxd2 Rd8 34. Rc2 Re8 35. Rc4 Kh7 36. Kg2 Kg6 37. Kf3 Rb8 38. Nb6 Re8 39. Rc7 Re5 40. Nd5 f5 41. Ne7+ Kf6 42. Nxf5 Rxa5 43. Rxb7 Rxa3 44. Nxd6 a5 45. Nc4 Ra1 46. e5+ Ke6 47. Rxg7 a4 48. Rg6+ Kd5 49. Nb6+ Kxe5 50. Rxh6 a3 51. Rh5+ Kf6 52. Ra5 a2 53. Kg2 Ke6 54. Nc4 Rc1 55. Rxa2 Rxc4 56. Rf2 Rc3 57. g4 Rxe3 58. h4 Ra3 59. h5 Ke5 60. Rf3 Ra1 61. Kg3 Ke4 62. Rf7 Ke5 63. h6 Ke6 64. Rf2 Rh1 65. g5 Ke5 66. Kg4 Ke6 67. Rf6+ Ke7 68. Rf2 Ke6 69. Rf3 Ke7 70. Rh3 Rg1+ 71. Kh5 Kf7 72. Rf3+ Kg8 73. Kg6 Ra1 74. Rf6 Kh8 75. Rb6 Ra8 76. h7 Re8 77. Kh6 Re6+ 78. Rxe6 1/2-1/2


[Site "https://www.chess.com"]

[Event "Titled Tuesday Blitz October 31 Late 2023"]
[White "Harikrishnan.A.Ra"]
[Black "Ahn, Hongjin"]
[WhiteFideId "5081483"]
[BlackFideId "13201492"]
[WhiteElo "2742"]
[BlackElo "2438"]
[Result "1-0"]
[Round "5"]
[TimeControl "180+1"]
[Date "2023.10.31"]
[WhiteClock "0:00:15"]
[BlackClock "0:00:40"]
[Board "40"]

1. d4 d5 2. c4 e6 3. Nc3 a6 4. cxd5 exd5 5. Bf4 c6 6. e3 Bd6 7. Bxd6 Qxd6 8. Bd3 Ne7 9. h3 Bf5 10. Nf3 O-O 11. O-O Nd7 12. Rb1 Nf6 13. Bxf5 Nxf5 14. Qd3 Qe6 15. Nd2 Nd6 16. b4 Nfe4 17. Ncxe4 dxe4 18. Qc2 a5 19. a3 f5 20. Qb3 Qxb3 21. Nxb3 axb4 22. axb4 Nc4 23. Rfc1 b5 24. Na5 Nxa5 25. bxa5 Rf6 26. d5 cxd5 27. Rxb5 Rd6 28. Rb6 Rxb6 29. axb6 Rb8 30. Rc6 Kf7 31. g4 fxg4 32. hxg4 Ke7 33. Rc7+ Kd6 34. Rxg7 Rxb6 35. Rxh7 Rb2 36. Rh8 Ke5 37. Rd8 Rd2 38. Kg2 Kf6 39. Kg3 Kg5 40. Rg8+ Kf6 41. Rf8+ Kg6 42. Rd8 Kg5 43. Rf8 Rd1 44. Rf5+ Kg6 45. Kf4 Rd3 46. g5 Rd2 47. Rf6+ Kg7 48. Ke5 Rd1 49. Rd6 Rd2 50. Rxd5 Rxf2 51. Kxe4 Kg6 52. Re5 Ra2 53. Rb5 Ra4+ 54. Kf3 Ra3 55. Kf4 Ra1 56. Rb6+ Kg7 57. e4 Rf1+ 58. Ke5 Ra1 59. Kf5 Rf1+ 60. Ke6 Ra1 61. e5 Kg6 62. Kd7+ Kxg5 63. e6 Ra7+ 64. Ke8 Kg6 65. e7+ Kg7 66. Rb8 Kf6 67. Rb6+ Kg7 68. Rc6 Rb7 69. Kd8 Rb8+ 70. Rc8 1-0


[Site "https://www.chess.com"]

[Event "Titled Tuesday Blitz October 31 Late 2023"]
[White "Korchmar, Vasiliy"]
[Black "Korpics, Zsolt"]
[WhiteFideId "24131750"]
[BlackFideId "705241"]
[WhiteElo "2741"]
[BlackElo "2406"]
[Result "1-0"]
[Round "5"]
[TimeControl "180+1"]
[Date "2023.10.31"]
[WhiteClock "0:00:13"]
[BlackClock "0:00:09"]
[Board "41"]

1. e4 c5 2. d4 cxd4 3. Qxd4 Nc6 4. Qd3 Nf6 5. Nc3 d6 6. Nf3 g6 7. Be2 Bg7 8. O-O O-O 9. Nd5 Be6 10. c3 Rc8 11. Bg5 Nd7 12. Rad1 Nc5 13. Qe3 f6 14. Bf4 b6 15. h4 Qe8 16. Bb5 Bd7 17. b4 Ne6 18. Bg3 Kh8 19. a4 f5 20. exf5 gxf5 21. Rfe1 Qf7 22. Nxe7 Qxe7 23. Bxd6 Qf7 24. Bxf8 Nxf8 25. Ng5 Qg6 26. Bc4 h6 27. Nf7+ Kh7 28. Rd6 Qh5 29. Qd3 Be8 30. Ng5+ hxg5 31. Qxf5+ Bg6 32. Qxc8 Ne5 33. Qc7 Ng4 34. Re7 Qxh4 35. Rxg7+ Kh6 36. Rdxg6+ Kh5 37. Rh7+ Kxg6 38. Qf7# 1-0


[Site "https://www.chess.com"]

[Event "Titled Tuesday Blitz October 31 Late 2023"]
[White "Gedajlovic, Max"]
[Black "Curtis, John"]
[WhiteFideId "2616840"]
[BlackFideId "3200256"]
[WhiteElo "2739"]
[BlackElo "2180"]
[Result "1-0"]
[Round "5"]
[TimeControl "180+1"]
[Date "2023.10.31"]
[WhiteClock "0:02:02"]
[BlackClock "0:01:47"]
[Board "42"]

1. d4 g6 2. c4 c5 3. d5 Bg7 4. Nc3 d6 5. e4 e5 6. h4 f5 7. h5 f4 8. hxg6 hxg6 9. Rxh8 Bxh8 10. Be2 a6 11. Bg4 Nf6 12. Bxc8 Qxc8 13. Nh3 b5 14. cxb5 axb5 15. Nxb5 Qa6 16. Nc7+ Ke7 17. Nxa6 Rxa6 18. Ng5 Nbd7 19. a4 Bg7 20. Qe2 Bh6 21. Qxa6 Bxg5 22. Qe2 f3 23. gxf3 Bxc1 24. Rxc1 c4 25. Ra1 Nc5 26. a5 Nd3+ 27. Kf1 Nh5 28. a6 Nhf4 29. Qe3 Nc5 30. a7 Kf6 31. a8=Q Kg5 32. Qd8+ Kh5 33. Qxd6 Ncd3 1-0


[Site "https://www.chess.com"]

[Event "Titled Tuesday Blitz October 31 Late 2023"]
[White "Ilamparthi A R"]
[Black "Federzoni, Enzo"]
[WhiteFideId "45015775"]
[BlackFideId "2173301"]
[WhiteElo "2926"]
[BlackElo "2377"]
[Result "1-0"]
[Round "5"]
[TimeControl "180+1"]
[Date "2023.10.31"]
[WhiteClock "0:00:08"]
[BlackClock "0:00:05"]
[Board "43"]

1. d4 Nf6 2. Bf4 g6 3. Nc3 d5 4. e3 Bg7 5. h4 h5 6. Nf3 c6 7. Ne5 Nbd7 8. Bd3 O-O 9. Qf3 Nxe5 10. dxe5 Nd7 11. Qg3 e6 12. O-O-O b5 13. e4 b4 14. Ne2 a5 15. Nd4 Qc7 16. exd5 cxd5 17. Rhe1 Ba6 18. Bxg6 fxg6 19. Nxe6 Qc4 20. Qxg6 Rf7 21. Kb1 Nf8 22. Nxf8 Raxf8 23. Bh6 Rc7 24. Bxg7 Rxg7 25. Qe6+ Kh7 26. b3 Qc8 27. Qxd5 Rxf2 28. Qe4+ Qf5 29. Qxf5+ Rxf5 30. Rd5 Rxg2 31. Rxa5 Rf1 32. Rxf1 Bxf1 33. e6 Kg7 34. Re5 Kf8 35. Rxh5 Ke7 36. Re5 Rh2 37. Re4 Bh3 38. Rxb4 Bf5 39. Rc4 Kxe6 40. a4 Kd5 41. Kb2 Re2 42. a5 Re6 43. Rc7 Ra6 44. b4 Kd6 45. Rc3 Bd7 46. Kb3 Kd5 47. Rd3+ Kc6 48. c4 Kc7 49. Rd5 Rh6 50. Rd4 Rh5 51. b5 Bxb5 52. cxb5 Rxb5+ 53. Ka4 Rb1 54. Rg4 Ra1+ 55. Kb5 Kb8 56. Ka6 Rf1 57. Rg6 Rh1 58. Rh6 Rg1 59. h5 Rb1 60. Rh8+ Kc7 61. h6 Rf1 62. h7 Ra1 63. Rc8+ Kxc8 64. h8=Q+ Kc7 65. Qxa1 Kc6 1-0


[Site "https://www.chess.com"]

[Event "Titled Tuesday Blitz October 31 Late 2023"]
[White "Hajiyev, Kanan"]
[Black "Cordova, Emilio"]
[WhiteFideId "13404148"]
[BlackFideId "3801497"]
[WhiteElo "2568"]
[BlackElo "2918"]
[Result "0-1"]
[Round "5"]
[TimeControl "180+1"]
[Date "2023.10.31"]
[WhiteClock "0:00:00"]
[BlackClock "0:01:03"]
[Board "44"]

1. d4 Nf6 2. Nf3 e6 3. c4 c5 4. e3 cxd4 5. Nxd4 a6 6. Nc3 b6 7. Be2 Bb7 8. O-O Be7 9. b3 O-O 10. Bb2 d6 11. Bf3 Qc8 12. Bxb7 Qxb7 13. Qf3 Qa7 14. Rfd1 Rc8 15. Ne4 Ne8 16. Qg3 Qb7 17. Ng5 Rc5 18. h4 h6 19. Ngxe6 fxe6 20. Nxe6 Qe4 21. Nxc5 bxc5 22. h5 Nc6 23. Rd2 Nd8 24. Rad1 Nf7 25. Qg6 Qxg6 26. hxg6 Nh8 27. f4 Nxg6 28. Kf2 Nh8 29. g4 Nf7 30. Kf3 g5 31. Rd5 a5 32. f5 a4 33. R5d3 a3 34. Bc3 Ra6 35. Ba1 Bf6 36. Bxf6 Nxf6 37. e4 Ne5+ 38. Kg3 Nxe4+ 39. Kg2 Nxd3 40. Rxd3 Kf7 41. Kf3 Nf6 42. Rd1 Nd7 43. Rh1 Ne5+ 44. Kg3 Kg7 45. Rd1 Rb6 46. Rd5 Nf7 47. Rd1 Rb7 48. Re1 Ne5 49. Re2 Kf6 50. Re4 Re7 51. Re2 Nf7 52. Rh2 Re3+ 53. Kf2 Re4 54. Kf3 Rf4+ 55. Kg3 Kg7 56. Rd2 Rd4 57. Rxd4 cxd4 58. Kf3 Ne5+ 59. Ke4 d3 60. Ke3 Nxg4+ 61. Kxd3 Ne5+ 62. Ke4 Nc6 63. Kd5 Nb4+ 64. Kxd6 Nxa2 65. c5 Nb4 66. c6 Nxc6 67. Kxc6 a2 0-1


[Site "https://www.chess.com"]

[Event "Titled Tuesday Blitz October 31 Late 2023"]
[White "Rustemov, Alexander"]
[Black "Toropov, Pavel"]
[WhiteFideId "4119002"]
[BlackFideId "24129178"]
[WhiteElo "2860"]
[BlackElo "2564"]
[Result "1-0"]
[Round "5"]
[TimeControl "180+1"]
[Date "2023.10.31"]
[WhiteClock "0:00:20"]
[BlackClock "0:00:00"]
[Board "45"]

1. d4 d5 2. c4 c6 3. Nc3 Nf6 4. e3 g6 5. Nf3 Bg7 6. Bd3 O-O 7. O-O Bg4 8. h3 Bxf3 9. Qxf3 e6 10. Rd1 Nbd7 11. Bd2 Re8 12. Rac1 a6 13. Be1 Rc8 14. Bf1 Qe7 15. Qe2 Red8 16. b3 b5 17. cxd5 exd5 18. Rc2 Re8 19. Rdc1 Qd6 20. Qf3 h5 21. Bd3 Re6 22. a4 b4 23. Ne2 a5 24. Nf4 Ree8 25. Bb5 Nb8 26. Bf1 Ne4 27. Nd3 Nd7 28. Qf4 Qe6 29. Qf3 Qd6 30. g3 c5 31. dxc5 Ndxc5 32. Nxc5 Rxc5 33. Rxc5 Nxc5 34. Rd1 Rd8 35. Bc4 Qf6 36. Qxf6 Bxf6 37. Rxd5 Rxd5 38. Bxd5 Bc3 39. Kf1 Nd3 40. Be4 Nxe1 41. Ke2 Kf8 42. g4 h4 43. g5 Ke7 44. f4 Kd6 45. Kf2 Ke6 46. Ke2 f5 47. Bb1 Kd6 48. e4 fxe4 49. Bxe4 Ke6 50. Bxg6 Ng2 51. Kf3 Ne1+ 52. Kg4 Ng2 53. f5+ Ke7 54. f6+ Kf8 55. Be4 Ne3+ 56. Kxh4 Nf1 57. Kg4 Nd2 58. Bd5 Nf1 59. Be6 Ne3+ 60. Kh5 Nc2 61. h4 Nd4 62. Bc4 1-0


[Site "https://www.chess.com"]

[Event "Titled Tuesday Blitz October 31 Late 2023"]
[White "Likvidator228"]
[Black "BardArtem"]
[WhiteElo "2547"]
[BlackElo "2705"]
[Result "0-1"]
[Round "5"]
[TimeControl "180+1"]
[Date "2023.10.31"]
[WhiteClock "0:00:06"]
[BlackClock "0:00:07"]
[Board "46"]

1. d4 d5 2. Nf3 Nf6 3. Bf4 c5 4. e3 Nc6 5. c3 Qb6 6. Qb3 c4 7. Qc2 Bf5 8. Qc1 e6 9. Nbd2 h6 10. h3 Be7 11. Be2 Qd8 12. Ne5 O-O 13. Nxc6 bxc6 14. b3 Qa5 15. b4 Qd8 16. O-O a5 17. a3 Qd7 18. Qb2 Ra6 19. Nb3 axb4 20. axb4 Rxa1 21. Nxa1 Ra8 22. Nc2 Bxc2 23. Qxc2 Qa7 24. Bf3 Qa2 25. Qxa2 Rxa2 26. Rc1 Nd7 27. Bc7 f5 28. g3 Kf7 29. Kf1 Ke8 30. Bd1 Bd8 31. Bxd8 Kxd8 32. Rc2 Ra3 33. Ke2 Nb6 34. Rb2 Rxc3 35. b5 Kc7 36. bxc6 Kxc6 37. Kd2 Ra3 38. Kc2 c3 39. Rb3 Ra2+ 40. Kc1 Rxf2 41. Rxc3+ Kd6 42. g4 f4 43. exf4 Rxf4 44. Rd3 Nc4 45. Bf3 Na5 46. Kd2 Nc6 47. Ke3 g5 48. h4 Rf8 49. hxg5 hxg5 50. Ra3 Rb8 51. Be2 Rb4 52. Rd3 e5 53. dxe5+ Nxe5 54. Rd1 Nxg4+ 55. Kf3 Ne5+ 56. Ke3 Re4+ 57. Kf2 Ng4+ 58. Bxg4 Rxg4 59. Kf3 Re4 60. Rg1 Re5 61. Rh1 d4 62. Rh8 Kd5 63. Rc8 Re7 64. Kf2 d3 65. Rd8+ Kc4 66. Rc8+ Kd4 67. Rd8+ Kc3 68. Rc8+ Kd2 69. Ra8 Rf7+ 70. Kg3 Ke2 71. Re8+ Kd1 72. Rf8 Rxf8 0-1


[Site "https://www.chess.com"]

[Event "Titled Tuesday Blitz October 31 Late 2023"]
[White "Pantev, Veselin"]
[Black "JackRodgers"]
[WhiteFideId "2901390"]
[WhiteElo "2677"]
[BlackElo "2529"]
[Result "1-0"]
[Round "5"]
[TimeControl "180+1"]
[Date "2023.10.31"]
[WhiteClock "0:00:47"]
[BlackClock "0:00:03"]
[Board "48"]

1. d4 Nf6 2. Nf3 c5 3. d5 d6 4. c4 e5 5. Nc3 Be7 6. h3 Nbd7 7. e4 Nf8 8. Bd3 Ng6 9. g3 a6 10. a4 b6 11. Be3 O-O 12. Qd2 Bd7 13. Kf1 h6 14. Kg2 Rb8 15. h4 Ng4 16. h5 Nh8 17. Nh4 Nxe3+ 18. Qxe3 Bg5 19. Qf3 Qc8 20. Nf5 Bxf5 21. Qxf5 Qxf5 22. exf5 Be7 23. Rhb1 a5 24. f4 exf4 25. gxf4 Rfe8 26. Nb5 Bf8 27. Re1 Rec8 28. Re2 Ra8 29. Rae1 f6 30. Re6 Nf7 31. Kf3 Nd8 32. Rxd6 Bxd6 33. Nxd6 Rcb8 34. Re8+ Kh7 35. Re7 Ra6 36. Be4 b5 37. Nxb5 Nb7 38. Rd7 Rb6 39. d6 Nd8 40. Bd5 Nc6 41. Rc7 Nd4+ 42. Nxd4 cxd4 43. d7 Rd8 44. Be6 Rb3+ 45. Ke4 d3 46. Ke3 Rxb2 47. Kxd3 Rb1 48. Kc2 Rf1 49. Rc8 Rf2+ 50. Kd3 Rxd7+ 51. Bxd7 Rxf4 52. Be8 g5 53. fxg6+ Kg7 54. Rc7+ Kg8 55. Bf7+ Kg7 56. Bd5+ Kf8 57. g7+ Ke8 58. g8=Q# 1-0


[Site "https://www.chess.com"]

[Event "Titled Tuesday Blitz October 31 Late 2023"]
[White "Al-Tarboush, Ward"]
[Black "Reprintsev, Alexander"]
[WhiteFideId "7601450"]
[BlackFideId "14100541"]
[WhiteElo "2652"]
[BlackElo "2514"]
[Result "1-0"]
[Round "5"]
[TimeControl "180+1"]
[Date "2023.10.31"]
[WhiteClock "0:00:05"]
[BlackClock "0:00:00"]
[Board "49"]

1. e4 d5 2. exd5 Qxd5 3. Nc3 Qa5 4. d4 Nf6 5. Nf3 Nc6 6. Bb5 Ne4 7. Rb1 Nxc3 8. bxc3 a6 9. Bxc6+ bxc6 10. O-O Bg4 11. h3 Bxf3 12. Qxf3 Qd5 13. Qe2 e6 14. c4 Qf5 15. d5 cxd5 16. cxd5 Qxd5 17. Rd1 Qc6 18. Bb2 Bd6 19. Qg4 O-O-O 20. Bd4 h5 21. Qe2 Rh6 22. Ba7 Rg6 23. g3 h4 24. g4 f5 25. c4 fxg4 26. hxg4 h3 27. Rb8+ Kd7 28. Rxd8+ Kxd8 29. f3 Ke7 30. Bf2 h2+ 31. Kh1 Rxg4 32. c5 Bg3 33. Be3 Bf4 34. Rd4 Rg1+ 35. Bxg1 hxg1=Q+ 36. Kxg1 Qxc5 37. Qf2 Qg5+ 38. Kf1 Be3 39. Rg4 Qh6 40. Qg2 Bd4 41. Rxd4 Qc1+ 42. Ke2 Qc2+ 43. Rd2 Qc4+ 44. Ke3 Qc5+ 45. Kd3 Qd5+ 46. Kc3 Qa5+ 47. Kb3 Qb5+ 48. Kc2 Qc4+ 49. Kd1 Qa4+ 50. Rc2 Qd4+ 51. Qd2 Qg1+ 52. Qe1 Qd4+ 53. Ke2 c5 54. Qc3 Qh4 55. Qxc5+ Kf7 56. Qc7+ Kg6 57. Ke3 Qg5+ 58. Qf4 Qg1+ 59. Kd3 Qf1+ 60. Kc3 Qe1+ 61. Qd2 Qe5+ 62. Qd4 Qa5+ 63. Kb3 Qb5+ 64. Qb4 Qd5+ 65. Qc4 Qxf3+ 66. Kb2 Qb7+ 67. Ka1 Qh1+ 68. Rc1 Qg2 69. Qd3+ Kg5 70. Qe3+ Kf6 71. Rg1 1-0


[Site "https://www.chess.com"]

[Event "Titled Tuesday Blitz October 31 Late 2023"]
[White "Pruijssers, Roeland"]
[Black "maksimys18"]
[WhiteFideId "1013068"]
[WhiteElo "2650"]
[BlackElo "2511"]
[Result "0-1"]
[Round "5"]
[TimeControl "180+1"]
[Date "2023.10.31"]
[WhiteClock "0:02:25"]
[BlackClock "0:02:11"]
[Board "50"]

1. e4 e6 2. Nf3 d5 3. Nc3 d4 4. Ne2 c5 5. Ng3 Nc6 6. Bb5 Bd6 7. e5 Bc7 8. O-O Ne7 9. Re1 a6 10. Bd3 b5 11. Be4 Bb7 12. d3 Rb8 13. a4 Ng6 14. axb5 axb5 15. Bxg6 hxg6 16. Bg5 Qd5 17. Qe2 Nxe5 18. Qxe5 Bxe5 19. Rxe5 0-1


[Site "https://www.chess.com"]

[Event "Titled Tuesday Blitz October 31 Late 2023"]
[White "Molenda, Marcin"]
[Black "Pinheiro, Iung Alicio de O."]
[WhiteFideId "1173065"]
[BlackFideId "2104350"]
[WhiteElo "2491"]
[BlackElo "2639"]
[Result "0-1"]
[Round "5"]
[TimeControl "180+1"]
[Date "2023.10.31"]
[WhiteClock "0:00:39"]
[BlackClock "0:00:10"]
[Board "51"]

1. e4 c5 2. Nf3 Nc6 3. c3 Nf6 4. e5 Nd5 5. Bc4 Nb6 6. Bb3 d5 7. exd6 Qxd6 8. O-O c4 9. Bc2 Bg4 10. Qe2 Qf6 11. b3 Bxf3 12. Qxf3 Qxf3 13. gxf3 O-O-O 14. Na3 Ne5 15. Nxc4 Nbxc4 16. bxc4 Nxf3+ 17. Kg2 Nxd2 18. Rd1 Nxc4 19. Rxd8+ Kxd8 20. Bb3 Nd6 21. Bf4 e6 22. Rd1 Kc7 23. Be5 Be7 24. a4 Rd8 25. Kf3 Bf6 26. Bg3 Kc6 27. a5 b6 28. c4 Nf5 29. Rxd8 Bxd8 30. Ba4+ Kc5 31. Be8 f6 32. Bd7 bxa5 33. Bf4 Nd4+ 34. Ke4 e5 35. Be3 Kxc4 36. Bxd4 exd4 37. Bc8 Kc3 38. Ba6 a4 0-1


[Site "https://www.chess.com"]

[Event "Titled Tuesday Blitz October 31 Late 2023"]
[White "Zeynalli, Rashad"]
[Black "Kubicka, Anna"]
[WhiteFideId "13403320"]
[BlackFideId "1152254"]
[WhiteElo "2633"]
[BlackElo "2473"]
[Result "1-0"]
[Round "5"]
[TimeControl "180+1"]
[Date "2023.10.31"]
[WhiteClock "0:00:17"]
[BlackClock "0:00:07"]
[Board "52"]

1. e4 c5 2. Nf3 d6 3. d4 cxd4 4. Nxd4 Nf6 5. Nc3 a6 6. Be3 e5 7. Nb3 Be7 8. h3 Be6 9. Qf3 b5 10. O-O-O Nbd7 11. g4 Nb6 12. Na5 Qc7 13. g5 Nfd7 14. Nd5 Bxd5 15. exd5 Rc8 16. Bd3 Nc4 17. Nc6 Nxe3 18. Qxe3 g6 19. h4 Nb8 20. Be4 Nxc6 21. dxc6 f5 22. gxf6 Bxf6 23. Kb1 O-O 24. Qd3 Qe7 25. Qxd6 Rfd8 26. Qxe7 Bxe7 27. Rd7 Rxd7 28. cxd7 Rd8 29. Bd5+ Kg7 30. Be6 Kf6 31. Bg4 Bc5 32. f3 Ke7 33. h5 g5 34. h6 Rf8 35. Rd1 Bb6 36. Rd5 Bc7 37. Rc5 Bd6 38. Rc6 Rd8 39. Rxa6 Rb8 40. a3 b4 41. a4 Rf8 42. Ka2 Rf6 43. Ra8 Bc7 44. Re8+ Kd6 45. d8=Q+ Bxd8 46. Rxd8+ Kc5 47. Rd7 Rxh6 48. Rc7+ Kd4 49. Kb3 Rh2 50. Rc4+ Ke3 51. Re4+ Kf2 52. Rxe5 h5 53. Rxg5 hxg4 54. Rxg4 Kxf3 55. Rxb4 Rh5 56. c3 Ke3 57. Rb5 Rh2 58. a5 Rh1 59. a6 Ra1 60. Rb6 Kd3 61. Rd6+ Ke4 62. Kc4 Ke5 63. Rb6 Ra4+ 64. b4 Ra2 65. b5 Ra1 66. Rb7 Kd6 67. a7 Ra4+ 68. Kb3 Ra1 69. b6 Kc6 70. Rb8 1-0


[Site "https://www.chess.com"]

[Event "Titled Tuesday Blitz October 31 Late 2023"]
[White "Abduzhaparov"]
[Black "Bjelobrk, Igor"]
[BlackFideId "4300726"]
[WhiteElo "2443"]
[BlackElo "2624"]
[Result "0-1"]
[Round "5"]
[TimeControl "180+1"]
[Date "2023.10.31"]
[WhiteClock "0:00:05"]
[BlackClock "0:00:36"]
[Board "53"]

1. Nf3 c5 2. c4 Nc6 3. d4 cxd4 4. Nxd4 e6 5. Nc3 Bc5 6. Ndb5 Nf6 7. Be3 Bxe3 8. Nd6+ Ke7 9. fxe3 Qa5 10. Qd2 Qe5 11. O-O-O Rd8 12. e4 Kf8 13. e3 a6 14. Be2 Ne8 15. Nxe8 Kxe8 16. Rhf1 d6 17. h4 b6 18. Rf4 Ra7 19. Rdf1 Rad7 20. Bf3 Bb7 21. Nd5 exd5 22. exd5 Ne7 23. Re4 Qh2 24. Bg4 Rc7 25. Qf2 f6 26. Qf5 Bc8 27. Qh5+ Kf8 28. Qxh7 Bxg4 29. Rxg4 Ng8 30. Qh8 Qe5 31. e4 Rxc4+ 32. Kb1 Rd7 33. h5 Rxe4 34. Rg3 Qxg3 35. h6 Re1+ 36. Kc2 Rxf1 37. h7 Qxg2+ 38. Kd3 Rf3+ 39. Kd4 Qg4# 0-1


[Site "https://www.chess.com"]

[Event "Titled Tuesday Blitz October 31 Late 2023"]
[White "Ankerst, Mihael"]
[Black "Fiorito, Francisco"]
[WhiteFideId "14602369"]
[BlackFideId "180165"]
[WhiteElo "2436"]
[BlackElo "2612"]
[Result "0-1"]
[Round "5"]
[TimeControl "180+1"]
[Date "2023.10.31"]
[WhiteClock "0:00:00"]
[BlackClock "0:00:52"]
[Board "54"]

1. h4 d5 2. h5 h6 3. d3 Bf5 4. f3 e5 5. e4 Be6 6. c3 c5 7. Be3 Nc6 8. Nd2 Be7 9. Nh3 Bh4+ 10. Ke2 d4 11. Bg1 Be7 12. Nf2 Nf6 13. g3 Qd7 14. a3 b5 15. c4 a6 16. Bh3 Nxh5 17. Bxe6 Nxg3+ 18. Ke1 Qxe6 19. Rh3 Qg6 20. Bh2 Nh5 21. Ng4 Nf4 22. Bxf4 exf4 23. cxb5 axb5 24. a4 bxa4 25. Rxa4 O-O 26. Nc4 h5 27. Nf2 Qg1+ 28. Ke2 Qxd1+ 29. Nxd1 Rxa4 30. Rxh5 Rb8 31. Kd2 g5 32. Rh6 Rxc4 33. dxc4 Ne5 34. Kc2 Nxc4 35. b3 Ne3+ 36. Nxe3 fxe3 37. Rc6 g4 38. fxg4 Bh4 0-1


[Site "https://www.chess.com"]

[Event "Titled Tuesday Blitz October 31 Late 2023"]
[White "Lalanne, Pablo"]
[Black "Sivakumar, Shaaketh"]
[WhiteFideId "112151"]
[BlackFideId "30940176"]
[WhiteElo "2342"]
[BlackElo "2599"]
[Result "0-1"]
[Round "5"]
[TimeControl "180+1"]
[Date "2023.10.31"]
[WhiteClock "0:00:04"]
[BlackClock "0:00:38"]
[Board "55"]

1. e4 e6 2. d4 d5 3. Nc3 Bb4 4. e5 Ne7 5. a3 Bxc3+ 6. bxc3 c5 7. Qg4 Kf8 8. h4 Qa5 9. Bd2 Qa4 10. Qd1 Nbc6 11. Nf3 cxd4 12. h5 h6 13. Rh4 Nf5 14. Rf4 b6 15. g4 Nfe7 16. cxd4 Ba6 17. g5 Bxf1 18. Kxf1 Nf5 19. Kg2 hxg5 20. Nxg5 Ncxd4 21. Bb4+ Kg8 22. Rxd4 Nxd4 23. Qxd4 Rxh5 24. Qf4 Rf8 25. Rh1 Rxh1 26. Kxh1 f6 27. Nxe6 Rf7 28. exf6 Rxf6 29. Qb8+ Kf7 30. Nd8+ Kg6 31. Qg3+ Kh7 32. Qd3+ Kh8 33. Qxd5 Qe8 34. Nb7 Rh6+ 35. Kg1 Qg6+ 36. Kf1 Rh1+ 37. Ke2 Qxc2+ 38. Qd2 Qc4+ 39. Qd3 Qa2+ 40. Kf3 Rh3+ 0-1


[Site "https://www.chess.com"]

[Event "Titled Tuesday Blitz October 31 Late 2023"]
[White "Chan, Luis"]
[Black "Fernandez Siles, Luis"]
[WhiteFideId "3216357"]
[BlackFideId "2209420"]
[WhiteElo "2573"]
[BlackElo "2325"]
[Result "1-0"]
[Round "5"]
[TimeControl "180+1"]
[Date "2023.10.31"]
[WhiteClock "0:00:15"]
[BlackClock "0:00:02"]
[Board "56"]

1. b3 e5 2. Bb2 Nc6 3. e3 g6 4. Nf3 Bg7 5. d4 d6 6. Bb5 e4 7. Nfd2 Qh4 8. Nc3 Bg4 9. Qc1 O-O-O 10. Ndxe4 a6 11. Bxc6 bxc6 12. Qd2 Ne7 13. Ng3 Rhe8 14. f3 Nf5 15. O-O-O Nxe3 16. fxg4 Bh6 17. Kb1 Nxg4 18. Qd3 Nf2 19. Qxa6+ Kd7 20. d5 cxd5 21. Qb5+ Kc8 22. Qa6+ Kd7 23. Nxd5 Nxh1 24. Qb5+ Kc8 25. Qc6 Re7 26. Bf6 Qg4 27. Nxe7+ Kb8 28. Rxh1 Qe6 29. Qb5+ Ka8 30. Nc6 Be3 31. Qa6+ 1-0


[Site "https://www.chess.com"]

[Event "Titled Tuesday Blitz October 31 Late 2023"]
[White "Gurevich, Dmitry"]
[Black "Mikaelyan, Arman"]
[WhiteFideId "2000407"]
[BlackFideId "13304852"]
[WhiteElo "2521"]
[BlackElo "2871"]
[Result "1-0"]
[Round "5"]
[TimeControl "180+1"]
[Date "2023.10.31"]
[WhiteClock "0:01:02"]
[BlackClock "0:00:09"]
[Board "57"]

1. d4 Nf6 2. c4 e6 3. Nc3 c5 4. d5 exd5 5. cxd5 d6 6. e4 g6 7. f4 Bg7 8. Bb5+ Nfd7 9. a4 O-O 10. Nf3 Na6 11. O-O Nc7 12. Bd3 b6 13. Bd2 Ba6 14. Be1 Re8 15. Bh4 Qc8 16. Qd2 c4 17. Bc2 Nc5 18. Rae1 Nd3 19. Bxd3 cxd3 20. e5 dxe5 21. fxe5 Bc4 22. d6 Ne6 23. Ne4 Kh8 24. Bf6 Bd5 25. Qh6 Bxe4 26. Ng5 Qc5+ 27. Rf2 Kg8 28. Qxh7+ Kf8 29. Bxg7+ 1-0


[Site "https://www.chess.com"]

[Event "Titled Tuesday Blitz October 31 Late 2023"]
[White "TimGrutter03"]
[Black "Gubajdullin, Alexei"]
[BlackFideId "4141202"]
[WhiteElo "2519"]
[BlackElo "2700"]
[Result "0-1"]
[Round "5"]
[TimeControl "180+1"]
[Date "2023.10.31"]
[WhiteClock "0:00:00"]
[BlackClock "0:01:36"]
[Board "58"]

1. Nf3 Nf6 2. g3 g6 3. Bg2 Bg7 4. O-O O-O 5. b3 d6 6. Bb2 e5 7. d3 Nbd7 8. Nbd2 Re8 9. e4 Nf8 10. h3 Ne6 11. Nh2 h5 12. f4 h4 13. fxe5 dxe5 14. gxh4 Nf4 15. Nhf3 Nxg2 16. Kxg2 Nh5 17. Nc4 Nf4+ 18. Kh2 Bxh3 19. Rg1 f6 20. Bc1 Qd7 21. Bxf4 exf4 22. Rxg6 Kh7 23. Qg1 Rg8 24. h5 Bh6 25. Re1 Bg4 26. Nce5 fxe5 27. Nxe5 Qe8 28. Rxh6+ Kxh6 29. Nxg4+ Kg5 30. Ne5+ Kxh5 31. Qc5 Rg5 32. d4 Qg8 33. Qc3 Rg2+ 34. Kh1 Rg3 0-1


[Site "https://www.chess.com"]

[Event "Titled Tuesday Blitz October 31 Late 2023"]
[White "Tanenbaum, Zachary"]
[Black "subham777"]
[WhiteFideId "2060850"]
[WhiteElo "2700"]
[BlackElo "2513"]
[Result "1-0"]
[Round "5"]
[TimeControl "180+1"]
[Date "2023.10.31"]
[WhiteClock "0:00:48"]
[BlackClock "0:00:08"]
[Board "59"]

1. e4 e6 2. d4 d5 3. Nc3 Nf6 4. Bg5 Be7 5. e5 Nfd7 6. h4 h6 7. Bxe7 Qxe7 8. Qg4 O-O 9. O-O-O c5 10. Nb5 Nc6 11. f4 a6 12. Nd6 Nxd4 13. c3 Nc6 14. Nf3 f6 15. Qg3 fxe5 16. fxe5 Ndxe5 17. Nxc8 Raxc8 18. Nxe5 Qc7 19. Re1 Rf5 20. Bd3 Rxe5 21. Qg6 Rxe1+ 22. Rxe1 Re8 23. Qxe8# 1-0


[Site "https://www.chess.com"]